 Dungeon Sprint DCSS version 0.16-a0-3803-gd4b2de5 (webtiles) character file.

1643 PolkaDot the Cruncher (level 8, -2/69 HPs)
             Began as a Vampire Summoner on Jan 26, 2015.
             Was an Initiate of Sif Muna.
             Slain by a fire giant
             ... wielding a +2 great sword of flaming
              (6 damage)
             ... in the Dungeon (Sprint V: "Ziggurat Sprint").
             The game lasted 00:03:59 (383 turns).

PolkaDot the Cruncher (Vampire Summoner)             Turns: 383, Time: 00:04:00

Health: -2/69      AC:  4    Str: 12    XL:     8   Next: 67%
Magic:  19/19      EV: 28    Int: 31    God:    Sif Muna [......]
Gold:   0          SH:  0    Dex: 25    Spells: 3 memorised, 4 levels left

rFire  + . .     SeeInvis +     G - +6 Majin-Bo {vamp, Archmagi MP+6 Int+6}
rCold  + . .     Clarity  .     a - +0 robe
rNeg   . . .     SustAb   .     (no shield)
rPois  +         Gourm    .     I - +1 helmet "Stanushroluy" {rElec MR++}
rElec  +         Spirit   .     (no cloak)
rCorr  +         Warding  .     (no gloves)
rMut   .         NoTele   +     (no boots)
MR     ++...                    (no amulet)
Stlth  ++++......               A - +6 ring of dexterity
                                C - +6 ring of intelligence

@: mighty, agile, resistant, very slightly contaminated, regenerating quickly,
invisible, very resistant to hostile enchantments, stealthy
A: bottle blood, fangs 3, see invisible, blink 1, unbreathing
a: Blink, Renounce Religion


You were in the Dungeon.
You worshipped Sif Muna.
Sif Muna was noncommittal.
You were full.

You visited 1 branch

Inventory:

Hand weapons
 G - the +6 Majin-Bo (weapon) {vamp, Archmagi MP+6 Int+6}
   (You found it in the Dungeon)

   It inflicts no extra harm, but heals its wielder somewhat when it strikes a
   living foe.
   It affects your intelligence (+6).
   It affects your magic capacity (+6).
Armour
 a - a +0 robe (worn)
 I - the +1 helmet "Stanushroluy" (worn) {rElec MR++}
   (You found it in the Dungeon)

   It insulates you from electricity.
   It affects your resistance to hostile enchantments.
Rods
 H - a cursed +6 rod of the swarm (14/14)
   (You found it in the Dungeon)
Jewellery
 A - a +6 ring of dexterity (right hand)
 B - a +6 ring of dexterity
 C - a +6 ring of intelligence (left hand)
 D - a +6 ring of intelligence
 E - a +6 ring of strength
 F - a +6 ring of strength
Magical devices
 w - a wand of disintegration (7)
 x - a wand of fire (5)
 y - a wand of cold (5)
 z - a wand of draining (5)
 J - a wand of hasting (4)
Scrolls
 i - 4 scrolls of blinking
 q - 4 scrolls of amnesia
 r - 3 scrolls of recharging
 s - 7 scrolls of fog
 t - 5 scrolls of identify
 u - 5 scrolls of remove curse
 v - 2 scrolls of fear
Potions
 c - a potion of blood {@*1}
 d - 10 potions of curing
 e - 10 potions of heal wounds
 f - 6 potions of haste
 g - 7 potions of magic
 h - 3 potions of berserk rage
 j - 2 potions of brilliance
 k - a potion of invisibility
 l - 2 potions of restore abilities
 m - 3 potions of resistance
 o - 4 potions of agility
 p - 4 potions of might
Books
 b - a book of Callings

   Spells                             Type                      Level
   a - Summon Small Mammal            Summoning                    1
   b - Call Imp                       Summoning                    2
   c - Call Canine Familiar           Summoning                    3
   d - Summon Guardian Golem          Hexes/Summoning              4
   e - Summon Lightning Spire         Summoning/Air                4
   f - Summon Ice Beast               Ice/Summoning                4
Miscellaneous
 n - a sack of spiders
 K - a plain deck of wonders {drawn: 2}


   Skills:
 + Level 8.3 Fighting
 * Level 12.2 Staves
 + Level 10.2 Dodging
 - Level 3.0 Stealth
 - Level 2.0 Spellcasting
 - Level 4.0 Summonings


You had 4 spell levels left.
You knew the following spells:

 Your Spells              Type           Power        Failure   Level  Hunger
i - Summon Ice Beast      Ice/Summ       ###.....     34%         4    ####...
s - Call Imp              Summ           #####...     1%          2    ##.....
z - Summon Small Mammal   Summ           ####         1%          1    None


Dungeon Overview and Level Annotations

Branches:
Dungeon (1/1)

Altars:
Ashenzari
Cheibriados
Dithmenos
Elyvilon
Fedhas
Gozag
Kikubaaqudgha
Makhleb
Nemelex Xobeh
Okawaru
Qazlal
Ru
Sif Muna
Trog
Vehumet
Xom
Yredelemnul
Zin
The Shining One
Beogh
Jiyva
Lugonu


Innate Abilities, Weirdness & Mutations

Your natural rate of healing is unusually fast.
You can bottle blood from corpses.
You have razor-sharp teeth.
You have supernaturally acute eyesight.
You can survive without breathing.
You can translocate small distances at will.


Message History

Unknown command.
Adjust (i)tems, (s)pells, or (a)bilities?
Adjust which ability? f - Blink Adjust to which letter?
Moving to: q - Blink Evoke which item? (* to show all) (? for menu, Esc to quit)
You draw a card...
It is Wild Magic.
You feel a surge of magic. The vault guard completely misses you.
The vault guard hits you from afar with a bardiche!
* * * LOW HITPOINT WARNING * * *
You draw the vault guard's blood!
You feel better.
You feel slightly more full.
You sock the vault guard!
The vault guard is lightly wounded.
The vault guard hits you with a dire flail!
* * * LOW HITPOINT WARNING * * *
The fire giant hits you with a great sword of flaming!!
* * * LOW HITPOINT WARNING * * *
The fire giant burns you.
You die...

8©8..▓
▓..}})..▓
▓..)}|..▓
▓..y....▓
▓.......▓
▓..H....▓
▓.......▓
▓.▓..p▓C▓
▓.....p@▓
▓▓▓▓▓▓▓▓▓


You could see a fire giant, 2 vault guards, a harpy and a vampire mosquito
(wandering).

Vanquished Creatures
  A vault guard (D)
  A deep elf conjurer (D)
  A yak (D)
  A deep elf mage (D)
  A porcupine (D)
  2 iguanas (D)
  3 sheep (D)
  A river rat (D)
  3 shadow imps (D)
  4 ball pythons (D)
  A bat zombie (D)
19 creatures vanquished.

Notes
Turn   | Place    | Note
--------------------------------------------------------------
     0 | D        | PolkaDot, the Vampire Summoner, began the quest for the Orb.
     0 | D        | Reached XP level 1. HP: 13/13 MP: 3/3
     0 | D        | Found a corrupted altar of Lugonu.
     0 | D        | Found a viscous altar of Jiyva.
     0 | D        | Found a white marble altar of Elyvilon.
     0 | D        | Found a burning altar of Makhleb.
     0 | D        | Found an iron altar of Okawaru.
     2 | D        | Found a sparkling altar of Nemelex Xobeh.
     2 | D        | Found a deep blue altar of Sif Muna.
     3 | D        | Found a basalt altar of Yredelemnul.
     3 | D        | Found a radiant altar of Vehumet.
     7 | D        | Found a bloodstained altar of Trog.
    21 | D        | Became a worshipper of Sif Muna the Loreminder
    25 | D        | Found a shimmering altar of Xom.
    27 | D        | Reached skill level 6 in Staves
    27 | D        | Reached XP level 2. HP: 19/19 MP: 4/4
    80 | D        | Learned a level 2 spell: Call Imp
    82 | D        | Entered arena 1.
    82 | D        | Noticed a deep elf mage
    82 | D        | Noticed a deep elf conjurer
    92 | D        | Noticed an ice beast
    92 | D        | Killed a deep elf mage
    92 | D        | Reached skill level 8 in Staves
    92 | D        | Reached skill level 5 in Dodging
    92 | D        | Reached XP level 3. HP: 22/30 MP: 6/6
    92 | D        | Reached XP level 4. HP: 27/37 MP: 6/7
    92 | D        | Reached XP level 5. HP: 30/42 MP: 6/9
    97 | D        | Killed a deep elf conjurer
    97 | D        | Reached skill level 5 in Fighting
    97 | D        | Reached skill level 10 in Staves
    97 | D        | Reached XP level 6. HP: 47/52 MP: 6/10
   167 | D        | Learned a level 4 spell: Summon Ice Beast
   167 | D        | Entered arena 2.
   167 | D        | Noticed a yak
   185 | D        | Killed a yak
   185 | D        | Reached XP level 7. HP: 42/59 MP: 12/12
   301 | D        | Entered arena 3.
   317 | D        | Entered arena 4.
   331 | D        | Got the ring "Gabreitics" {Dex+2 SInv}
   335 | D        | Got the +1 helmet "Stanushroluy" {rElec MR++}
   342 | D        | Entered arena 5.
   342 | D        | Noticed an iguana
   342 | D        | Noticed a porcupine
   342 | D        | Noticed an iguana
   346 | D        | Killed a porcupine
   352 | D        | Killed an iguana
   352 | D        | Reached skill level 11 in Staves
   354 | D        | Killed an iguana
   364 | D        | Entered arena 6.
   364 | D        | Noticed a vampire mosquito
   364 | D        | Noticed a vault guard
   364 | D        | Noticed a vault guard
   364 | D        | Noticed a harpy
   364 | D        | Noticed a fire giant
   364 | D        | Noticed a vault guard
   380 | D        | Killed a vault guard
   380 | D        | Reached skill level 12 in Staves
   380 | D        | Reached skill level 10 in Dodging
   380 | D        | Reached XP level 8. HP: 52/69 MP: 13/13
   381 | D        | Gained mutation: You can translocate small distances at will. [helix card]
   383 | D        | Slain by a fire giant

Action                   |  1- 3 |  4- 6 |  7- 9 || total
-------------------------+-------+-------+-------++-------
Melee: Quarterstaff      |     7 |    21 |    39 ||    67
 Cast: Call Imp          |     3 |       |       ||     3
Evoke: Deck              |       |       |     2 ||     2
  Use: Potion            |     1 |       |     5 ||     6
 Stab: Sleeping          |       |       |     2 ||     2
       Invisible         |       |       |     1 ||     1
  Eat: Corpse            |       |       |     1 ||     1
